AoeStats
← Danatis

Arabia

505685576Analyzed
1v1 RM · 22d ago on Sep 10, 2026· 41m 40s· 2 players
Game mode
Random Map
Map size
Tiny (2 player)
Population
200
Speed
Normal
Resources
Standard
Victory
Conquest
Starting age
Dark Age
Ending age
Imperial Age
RankedLock teamsTeams togetherTeam positionsShared explorationLock speedFull tech treeHidden civsTurbo modeCheats
Victory
Defeat
🇺🇸 Gurjaras · United States
1776
+16
🇹🇼 Tatars · Taiwan
1786
-16
MooSpecial
6:17 Loom
8:29 Feudal Age
8:58 Double-Bit Axe
14:36 Fletching
17:09 Wheelbarrow
17:14 Horse Collar
20:41 Castle Age
19:28 Bloodlines
19:55 Scale Barding Armor
20:47 Gold Mining
20:44 Elite Skirmisher
21:20 Bodkin Arrow
25:54 Bow Saw
28:24 Padded Archer Armor
30:46 Hand Cart
31:49 Ballistics
32:00 Heavy Plow
32:17 Leather Archer Armor
33:34 Husbandry
37:23 Town Watch
38:30 Thumb Ring
Danatis
5:41 Loom
8:54 Feudal Age
9:40 Double-Bit Axe
14:39 Fletching
22:05 Castle Age
20:18 Padded Archer Armor
20:46 Forging
22:15 Crossbowman
22:57 Bodkin Arrow
26:03 Bow Saw
27:08 Husbandry
28:39 Bloodlines
28:34 Light Cavalry
30:34 Scale Barding Armor
30:45 Horse Collar
31:57 Bloodlines
40:15 Imperial Age
38:23 Wheelbarrow
41:03 Bracer
42:09 Chemistry
41:50 Padded Archer Armor
Connection lost

Rejoining the realm…

Still unreachable

The connection could not be restored.

Session expired

The server has moved on; the page needs a fresh start.